 Dungeon Crawl Stone Soup version 0.27.1-34-g3ba077fa99 (webtiles) character file.

Game seed: 16149475217458911746

176 cbfl8 the Sneak (level 5, 0/47 HPs)
             Began as a Minotaur Delver on Jan 22, 2022.
             Succumbed to an adder's poison
             ... on level 4 of the Dungeon.
             The game lasted 00:08:53 (3260 turns).

cbfl8 the Sneak (Minotaur Delver)                   Turns: 3260, Time: 00:08:54

Health: 0/47       AC:  6    Str: 17    XL:     5   Next: 30%
Magic:  4/4        EV: 10    Int:  7    God:
Gold:   142        SH:  0    Dex: 12    Spells: 4/4 levels left

rFire    . . .     SeeInvis .   a - +0 hand axe
rCold    . . .     Faith    .   (no shield)
rNeg     . . .     Spirit   .   x - +0 scale mail
rPois    .         Reflect  .   (helmet restricted)
rElec    .         Harm     .   (no cloak)
rCorr    .         Rampage  .   (no gloves)
Will     .....                  (no boots)
Stlth    +.........             (no amulet)
HPRegen  0.15/turn              (no ring)
MPRegen  0.09/turn              (no ring)

@: lethally poisoned (0 -> -7)
A: horns 2, retaliatory headbutt
a: no special abilities


You were on level 4 of the Dungeon.
You visited 1 branch of the dungeon, and saw 5 of its levels.

You collected 142 gold pieces.

Inventory:

Hand Weapons
 a - a +0 hand axe (weapon)
 y - a +0 falchion
Missiles
 l - 97 stones (quivered)
 o - 9 poisoned darts
 q - 13 arrows
 v - 8 boomerangs
Armour
 b - a +0 leather armour
 x - a +0 scale mail (worn)
Wands
 g - a wand of digging (3)
 k - a wand of flame (25)
Scrolls
 c - 2 scrolls of fog
 d - a scroll of magic mapping
 e - 2 scrolls of fear
 h - 3 scrolls of identify {unknown}
 i - a scroll of blinking {unknown}
 j - a scroll of torment {unknown}
 t - 3 scrolls of amnesia {unknown}
 w - 3 scrolls of enchant armour {unknown}
Potions
 f - a potion of haste
 m - a potion of cancellation {unknown}
 n - a potion of ambrosia {unknown}
 p - 2 potions of attraction {unknown}
 r - 2 potions of resistance {unknown}
 s - a potion of berserk rage {unknown}
 u - a potion of heal wounds {unknown}
 z - a potion of flight {unknown}


   Skills:
 + Level 4.4 Fighting
 + Level 3.6 Axes
 + Level 2.0 Armour
 + Level 3.0 Dodging
 + Level 5.0 Stealth


You had 4 spell levels left.
You didn't know any spells.
Your spell library contained the following spells:

 Spells                   Type           Power      Damage    Failure   Level
 Sublimation of Blood     Necr           0%         N/A       94%         2
 Petrify                  Tmut/Erth      0%         N/A       100%        4
 Fireball                 Conj/Fire      0%         3d3       100%        5
 Irradiate                Conj/Tmut      0%         3d13      100%        5
 Starburst                Conj/Fire      0%         6d3       100%        6
 Ignition                 Fire           0%         3d3       100%        8


Dungeon Overview and Level Annotations

Branches:
Dungeon (5/15)
 Temple: D:4-7

Altars:
Elyvilon
Gozag
Hepliaklqana
Zin

Shops:
D:1 (   D:3 =

Annotations:
D:4 1 runed translucent door
D:5 Pikel


Innate Abilities, Weirdness & Mutations

You have a pair of horns on your head.
You reflexively headbutt those who attack you in melee.


Message History

You see here a +0 falchion.
y - a +0 falchion
y - a +0 falchion (weapon)
There is a stone staircase leading down here.
You climb downwards.
There is a stone staircase leading up here.
a - a +0 hand axe (weapon)
Found a ring mail and a murky amethyst potion.
v - 8 boomerangs (gained 6)
You now have 142 gold pieces (gained 14).
z - a murky amethyst potion A human zombie comes into view.
You sense Yredelemnul urging you to kill the trapped human.
An ogre comes into view. It is wielding a +0 giant club.
Found a runed translucent door.
The ogre shouts!
An adder comes into view.
A goblin zombie comes into view.
You hit the human zombie. Your headbutt misses the human zombie.
The human zombie is lightly damaged.
You hit the ogre. The ogre hits you with a +0 giant club!
The human zombie hits you. The ogre barely misses you.
The human zombie hits you.
Unknown command.
You hit the adder.
The adder is moderately wounded.
You hit the human zombie. You closely miss the ogre. The adder bites you.
The ogre barely misses you. The human zombie hits you.
Unknown command.
You hit the ogre.
The ogre is moderately wounded.
You closely miss the human zombie. You hit the adder. The adder bites you.
You are poisoned.
The adder poisons you! The human zombie closely misses you.
You furiously retaliate!
You headbutt the human zombie!
The ogre hits you with a +0 giant club!!
* * * LOW HITPOINT WARNING * * *
You hit the ogre. You headbutt the ogre!
The ogre is severely wounded.
You hit the human zombie. You hit the adder.
You die...

###......#
.#.###..#
.#.+p#..# #.###..#
##.Z....### #J#
#..........
#.######8.S...#
..........@O..#
#.#######..Z..#
#..# #..#### #..#
#..# #..## #..#
#...# ###..#
#.#.###....#
#.#.....#..####
#.##..####....####
#


You could see an ogre, an adder, a goblin zombie, a human zombie and a neutral
human (wandering).

Vanquished Creatures
  Terence (D:3)
  Natasha (twice) (D:3)
  A hound skeleton (D:4)
  3 adders
  3 dart slugs
  5 orcs (D:3)
  3 ball pythons (D:1)
  6 endoplasms
  3 giant cockroaches
  2 goblins (D:1)
  8 hobgoblins
  5 bats
  2 frilled lizards
  4 kobolds
  4 rats
52 creatures vanquished.

Vanquished Creatures (others)
  A plant (D:1)
1 creature vanquished.

Grand Total: 53 creatures vanquished

Notes
Turn   | Place    | Note
-------+----------+-------------------------------------------
     0 | D:5      | cbfl8 the Minotaur Delver began the quest for the Orb.
     0 | D:5      | Reached XP level 1. HP: 19/19 MP: 0/0
    21 | D:5      | Noticed an ice beast
    30 | D:5      | Noticed a lemure
    30 | D:5      | Noticed an orc wizard
    31 | D:5      | Noticed Pikel
    31 | D:5      | Noticed a lemure
    49 | D:4      | Reached XP level 2. HP: 18/27 MP: 1/1
   298 | D:3      | Found a hazy altar of Hepliaklqana.
   317 | D:3      | Noticed Terence
   398 | D:3      | Noticed Natasha
   403 | D:3      | Reached XP level 3. HP: 28/33 MP: 2/2
   410 | D:3      | HP: 1/33 [Natasha (1)]
   410 | D:3      | Killed Natasha
   739 | D:3      | Found Dosyun's Jewellery Boutique.
  1094 | D:1      | Reached skill level 1 in Armour
  1175 | D:1      | Reached XP level 4. HP: 40/40 MP: 3/3
  1381 | D:1      | Found Seschacsi's Antique Weapon Emporium.
  2642 | D:3      | Found a glowing silver altar of Zin.
  2643 | D:3      | Found an opulent altar of Gozag.
  2648 | D:3      | Found a white marble altar of Elyvilon.
  2951 | D:3      | Noticed Natasha
  2967 | D:3      | Killed Natasha
  2968 | D:3      | Reached skill level 5 in Stealth
  2968 | D:3      | Reached XP level 5. HP: 37/47 MP: 4/4
  3148 | D:3      | Killed Terence
  3254 | D:4      | Found a runed translucent door.
  3254 | D:4      | Noticed a human
  3254 | D:4      | Noticed an ogre
  3259 | D:4      | HP: 2/47 [ogre (19)]
  3260 | D:4      | Succumbed to an adder's poison

Illustrated notes

Levels and vault maps discovered:
D:1:      nagdon_arrival_double_spiral, layout_rooms, serial_shops,
          nicolae_shop_overgrown_old_shop
D:2:      layout_loops_ring
D:3:      layout_basic, amcnicky_altar_gilded, grunt_temple_overflow_open,
          serial_shops, shop_fountains, uniq_terence, uniq_natasha
D:4:      layout_rooms, dk_yredelemnul_ordeal, lemuel_flame_loot_1
D:5:      layout_rooms, minmay_temple_entry_overgrown, serial_shops,
          nicolae_shop_waterfront, uniq_pikel

Skill      XL: |  1  2  3  4  5 |
---------------+----------------+-----
Fighting       | 4 |  4.4
Armour         | 1 2 |  2.0
Axes           | 3 |  3.6
Dodging        | 3 |  3.0
Stealth        | 5 |  5.0

Action                   |  1- 3 |  4- 6 || total
-------------------------+-------+-------++-------
Melee: Hand axe          |    54 |    93 ||   147
       Headbutt          |     5 |    14 ||    19
 Stab: Sleeping          |     2 |     4 ||     6
Armor: Leather armour    |    13 |    17 ||    30
Dodge: Dodged            |    45 |    61 ||   106
